Map: Lerilak Crest

Players

Bjorn

  • Race: Zerg Zerg
  • League: Master

NeXa - Winner!

  • Race: Protoss Protoss
  • League: Master

VOD

Have the link to the VOD?

Description

Time

  • Played on: March 11, 2016, 6:50 p.m.
  • Length: 14:20
Show
View Real Time Build Order
Export as new Build Order

Bjorn Zerg 

Build Orders: 3 Hatch before Pool, Lurkers 

Get SALT Encoding   

  12  0:01  Drone  
  13  0:12  Overlord  
  13  0:18  Drone  
  14  0:30  Drone x2  
  14  0:35  Drone  
  17  0:53  Hatchery  
  16  0:57  Drone  
  17  1:04  Drone  
  17  1:06  Drone  
  19  1:26  Drone  
  19  1:28  Hatchery  
  19  1:30  Drone  
  19  1:32  Extractor  
  19  1:44  Spawning Pool  
  18  1:50  Drone  
  18  1:51  Drone  
  20  2:00  Drone  
  21  2:06  Drone  
  22  2:10  Drone  
  23  2:17  Overlord  
  23  2:32  Queen x2  
  27  2:39  Metabolic Boost  
  27  2:42  Queen  
  29  2:51  Zergling x4  
  31  2:59  Drone x5  
  31  3:04  Overlord  
  36  3:17  Drone x3  
  36  3:18  Drone x3  
  42  3:25  Overlord  
  42  3:39  Extractor, Drone x2  
  42  3:41  Drone x3  
  45  3:42  Roach Warren  
  45  3:43  Drone  
  45  3:44  Drone x2  
  48  4:01  Drone x3  
  51  4:04  Drone  
  51  4:07  Drone x2  
  51  4:08  Drone x4  
  58  4:23  Overlord x5  
  57  4:25  Lair  
  57  4:29  Extractor  
  57  4:30  Extractor, Drone x2  
  57  4:44  Drone x3  
  57  4:45  Drone x2  
  62  4:46  Drone  
  62  4:47  Roach x3  
  62  4:51  Roach  
  73  5:00  Hatchery, Roach x4  
  73  5:01  Zergling x8  
  82  5:15  Roach x3  
  82  5:16  Zergling x2  
  82  5:17  Overlord x3  
  89  5:22  Overseer x2  
  89  5:24  Overseer  
  89  5:49  Spore Crawler  
  88  5:50  Evolution Chamber, Spine Crawler  
  88  5:52  Drone x2  
  88  5:53  Spine Crawler, Drone x2  
  88  5:54  Drone  
  88  5:56  Drone x5  
  95  5:58  Extractor  
  95  5:59  Extractor  
  95  6:04  Roach x4  
  99  6:05  Ravager x2  
  99  6:09  Drone  
  99  6:10  Drone x2  
  106  6:18  Hydralisk Den, Zergling x14  
  113  6:19  Zerg Missile Weapons Level 1  
  113  6:24  Drone x4  
  116  6:27  Overseer  
  116  6:29  Overseer  
  116  6:33  Roach  
  116  6:35  Glial Reconstitution  
  117  6:51  Lurker Den  
  117  6:53  Hydralisk  
  119  6:55  Overlord x4  
  119  7:14  Hydralisk x8  
  135  7:35  Hatchery  
  135  7:36  Hydralisk x4, Infestation Pit, Ravager  
  136  7:38  Overlord x4  
  136  7:39  Zergling x20  
  152  8:10  Overseer  
  151  8:13  Hydralisk x11  
  174  8:20  Drone x2  
  175  8:28  Hive  
  175  8:32  Hatchery, Drone x5  
  175  8:33  Drone x4  
  183  8:40  Spire  
  182  8:55  Overlord x4  
  182  8:57  Lurker  
  171  9:18  Extractor, Lurker x3  
  171  9:19  Lurker x3  
  171  9:21  Extractor  
  170  9:35  Lurker x2  
  147  10:00  Hydralisk x9  
  165  10:08  Greater Spire  
  165  10:13  Spine Crawler  
  165  10:14  Spine Crawler x2  
  162  10:49  Corruptor  
  159  10:50  Corruptor x7  
  175  10:57  Spore Crawler, Spine Crawler x2  
  175  10:59  Spore Crawler  
  175  11:00  Drone x2, Spine Crawler x2  
  175  11:01  Spine Crawler, Drone x6  
  167  11:23  Brood Lord x5  
  168  11:26  Zergling x18  
  168  11:27  Zergling x34  
  194  11:33  Brood Lord  
  194  11:36  Brood Lord  
  198  11:47  Brood Lord  
  200  12:02  Overseer x3  
  192  12:32  Hatchery  
  102  12:54  Hydralisk x15  
  102  12:55  Hydralisk  
  127  12:59  Corruptor  
  127  13:00  Corruptor x4  
  117  13:19  Corruptor  
  117  13:20  Corruptor  
  117  13:22  Extractor  
  117  13:25  Extractor  
  119  13:31  Brood Lord x3  
Show
View Real Time Build Order
Export as new Build Order

NeXa Protoss - Winner!

Build Orders: 1 Gate Expand, Dark Templar Rush 

Get SALT Encoding   

  12  0:01  Probe (Chrono Boost)  
  13  0:12  Probe (Chrono Boost)  
  14  0:19  Pylon  
  14  0:22  Probe (Chrono Boost)  
  15  0:37  Probe (Chrono Boost)  
  15  0:40  Gateway  
  16  0:44  Assimilator  
  16  0:48  Probe (Chrono Boost)  
  17  0:58  Probe (Chrono Boost)  
  18  1:09  Probe (Chrono Boost)  
  19  1:25  Nexus  
  19  1:28  Probe (Chrono Boost)  
  20  1:40  Cybernetics Core  
  20  1:47  Assimilator  
  20  1:48  Probe (Chrono Boost)  
  21  1:58  Pylon  
  21  2:00  Probe (Chrono Boost)  
  22  2:11  Probe (Chrono Boost)  
  23  2:18  Warp Gate  
  23  2:21  Zealot  
  23  2:22  Mothership Core (Chrono Boost)  
  27  2:30  Twilight Council  
  27  2:38  Probe (Chrono Boost)  
  27  2:40  Probe (Chrono Boost)  
  29  2:44  Pylon  
  29  2:55  Stalker  
  31  3:02  Pylon  
  31  3:03  Probe (Chrono Boost)  
  32  3:06  Probe (Chrono Boost)  
  33  3:13  Probe (Chrono Boost)  
  33  3:16  Probe (Chrono Boost)  
  35  3:24  Probe (Chrono Boost)  
  37  3:27  Dark Shrine, Probe (Chrono Boost)  
  37  3:34  Probe (Chrono Boost)  
  37  3:39  Probe (Chrono Boost)  
  39  3:48  Gateway  
  39  3:49  Gateway  
  39  3:55  Gateway  
  39  4:02  Probe x2 (Chrono Boost)  
  41  4:12  Probe x2 (Chrono Boost)  
  41  4:14  Robotics Facility  
  43  4:20  Pylon  
  45  4:24  Probe x2 (Chrono Boost)  
  45  4:26  Assimilator  
  45  4:31  Assimilator  
  45  4:35  Probe x2 (Chrono Boost)  
  47  4:45  Probe x2 (Chrono Boost)  
  49  4:55  Dark Templar x3  
  49  4:56  Dark Templar, Probe x2 (Chrono Boost)  
  59  5:09  Blink  
  59  5:29  Immortal (Chrono Boost)  
  54  5:48  Robotics Bay  
  54  5:50  Pylon  
  54  5:55  Pylon  
  54  6:01  Forge x2  
  54  6:06  Nexus  
  54  6:10  Pylon  
  54  6:19  Gateway x2  
  54  6:22  Pylon  
  54  6:32  Stalker x4  
  62  6:35  Protoss Ground Armor Level 1, Protoss Ground Weapons Level 1  
  62  6:49  Probe  
  62  6:50  Probe  
  62  6:53  Disruptor (Chrono Boost)  
  67  6:55  Robotics Facility  
  67  7:04  Stalker  
  67  7:05  Zealot x2  
  73  7:28  Pylon  
  73  7:29  Stalker x2, Disruptor (Chrono Boost)  
  80  7:30  Stalker x3  
  86  7:38  Dark Templar  
  88  7:45  Probe x2  
  88  7:46  Probe  
  88  7:50  Disruptor (Chrono Boost)  
  94  7:58  Probe  
  95  8:08  Dark Templar  
  95  8:15  Disruptor (Chrono Boost)  
  95  8:17  Probe  
  95  8:19  Probe  
  100  8:22  Zealot x5  
  100  8:23  Pylon  
  100  8:26  Warp Prism (Chrono Boost)  
  112  8:27  Probe  
  112  8:28  Probe  
  114  8:35  Protoss Ground Armor Level 2 (Chrono Boost), Protoss Ground Weapons Level 2 (Chrono Boost)  
  114  8:44  Assimilator  
  114  8:48  Assimilator  
  114  8:51  Zealot  
  114  8:52  Zealot x3  
  115  9:19  Zealot x5  
  119  9:45  Pylon  
  118  9:47  Pylon  
  116  10:06  Observer  
  116  10:12  Pylon  
  117  10:14  Pylon  
  117  10:19  Probe  
  117  10:20  Probe  
  119  10:24  Observer  
  120  10:32  Probe, Templar Archives  
  121  10:38  Pylon  
  121  10:40  Protoss Ground Weapons Level 3 (Chrono Boost), Protoss Ground Armor Level 3 (Chrono Boost)  
  121  10:41  Pylon  
  121  10:44  Probe  
  121  10:48  Observer  
  122  10:51  Observer  
  122  10:56  Charge  
  120  10:58  Stalker x3  
  120  10:59  Stalker x2  
  130  11:19  Disruptor  
  130  11:24  Disruptor  
  132  11:27  Probe x3  
  132  11:30  High Templar  
  132  11:31  High Templar x2  
  141  11:32  Zealot x2  
  141  11:35  Archon  
  141  11:39  Probe  
  146  11:41  Gateway  
  146  11:43  Gateway  
  146  11:44  Probe x2  
  146  11:45  Gateway  
  148  11:51  Probe  
  149  12:03  Zealot x2  
  149  12:04  Zealot x2  
  157  12:14  Pylon  
  157  12:15  Pylon  
  157  12:16  Pylon  
  157  12:17  Pylon  
  157  12:23  Pylon  
  157  12:26  Pylon  
  144  12:37  Disruptor  
  144  12:42  Disruptor  
  124  12:46  Stalker  
  124  12:47  Stalker x4  
  113  13:10  Disruptor  
  111  13:18  Disruptor, Stalker x8  
  133  13:26  Nexus  
  133  13:41  Disruptor  
  133  13:42  Stalker  
  133  13:43  Stalker x6  
  140  14:10  Stalker x6  
Tags
 
Add a new tag
Caveats
  • Supply blocks, unpowered buildings, or Contaminate may cause inaccurate times.
  • Supply counts are checked every 10 seconds.